Map: Backwater LE

Players

Arctur

  • Race: Terran Terran
  • Spawn Location: 5:00

Dayshi - Winner!

  • Race: Terran Terran
  • Spawn Location: 11:00

Event: IEM Season 12 - Katowice

VOD

Have the link to the VOD?

Description

Time

  • Played on: Feb. 27, 2018, 5:02 a.m.
  • Length: 15:59

All games in this series

Show
View Real Time Build Order
Export as new Build Order

Arctur Terran 

Build Orders: Cyclone Opening, Bio Tank 

Get SALT Encoding   

  12  0:00  SCV  
  13  0:12  SCV  
  14  0:17  Supply Depot  
  14  0:24  SCV  
  14  0:28  Refinery  
  15  0:39  SCV  
  16  0:46  Barracks  
  16  0:51  SCV  
  16  0:55  Refinery  
  17  1:03  SCV  
  18  1:15  SCV  
  19  1:33  Reaper, Orbital Command  
  19  1:36  Factory  
  20  1:44  Supply Depot  
  20  1:59  SCV  
  21  2:05  Reaper  
  22  2:11  SCV  
  23  2:20  Cyclone  
  26  2:32  Command Center  
  26  2:43  Barracks Reactor  
  25  2:44  SCV  
  25  2:46  Supply Depot  
  26  2:55  Starport  
  26  2:56  SCV  
  27  3:08  Cyclone, SCV  
  31  3:19  Marine  
  32  3:20  SCV, Marine  
  34  3:33  SCV, Medivac  
  37  3:37  Marine  
  37  3:38  Marine  
  39  3:42  Engineering Bay  
  39  3:46  Orbital Command  
  39  3:48  Factory Tech Lab  
  39  3:52  SCV  
  39  3:55  Marine  
  40  4:03  Viking  
  42  4:13  Missile Turret  
  42  4:15  Missile Turret, SCV  
  43  4:17  Factory Tech Lab  
  43  4:21  Marine x2  
  43  4:23  SCV  
  46  4:27  SCV  
  47  4:35  SCV  
  47  4:37  Siege Tank  
  50  4:39  SCV  
  49  4:47  SCV  
  49  4:48  Raven  
  49  4:49  Marine x2  
  53  4:54  SCV  
  53  4:59  SCV  
  54  5:12  Terran Infantry Weapons Level 1  
  54  5:14  SCV, Marine x2  
  54  5:15  SCV  
  54  5:19  Command Center  
  55  5:32  SCV  
  55  5:34  Siege Tank  
  54  5:46  Marine x2  
  53  5:51  SCV  
  53  5:52  SCV  
  55  5:57  Barracks x2  
  55  6:04  SCV x2  
  47  6:06  Siege Tank  
  47  6:09  Starport Reactor  
  47  6:11  Marine, Refinery  
  50  6:17  SCV x2  
  53  6:21  Refinery  
  53  6:22  Stimpack, Barracks  
  53  6:23  Barracks  
  53  6:30  SCV x2  
  55  6:33  Orbital Command  
  55  6:34  Missile Turret  
  54  6:42  Siege Tank  
  57  6:48  Missile Turret  
  57  6:50  SCV x2  
  57  6:52  Starport Reactor, Marine  
  60  7:00  Marine x2  
  60  7:01  Marine x2  
  63  7:02  SCV  
  63  7:04  SCV  
  63  7:05  SCV  
  67  7:10  Barracks Reactor x2, Marine  
  67  7:15  SCV  
  67  7:17  Supply Depot  
  67  7:18  Siege Tank, Marine  
  67  7:19  Marine x2  
  67  7:20  Marine  
  74  7:25  SCV  
  74  7:28  Marine  
  74  7:29  Terran Infantry Armor Level 1  
  76  7:33  SCV  
  76  7:34  Refinery  
  77  7:38  SCV  
  77  7:39  Supply Depot, Medivac  
  77  7:43  SCV  
  81  7:45  SCV, Medivac  
  81  7:50  Marine  
  85  8:00  Marine x4  
  85  8:01  Siege Tank  
  85  8:03  Supply Depot, Marine  
  91  8:13  Supply Depot  
  91  8:14  Supply Depot  
  91  8:16  Marine  
  91  8:17  SCV, Marine  
  91  8:19  SCV, Marine  
  85  8:20  Marine  
  85  8:21  Orbital Command  
  78  8:29  SCV  
  78  8:31  SCV  
  71  8:42  SCV  
  71  8:43  SCV  
  71  8:47  Marine x2  
  75  8:50  SCV  
  75  8:54  SCV  
  75  8:55  SCV  
  78  8:56  Combat Shields  
  78  9:04  SCV  
  78  9:06  SCV  
  78  9:07  SCV  
  81  9:13  Marine x5  
  81  9:14  Marine  
  81  9:16  SCV  
  77  9:25  SCV x2, Marine  
  77  9:28  SCV  
  77  9:31  Marine x4  
  82  9:32  Medivac x2  
  82  9:36  Siege Tank  
  92  9:39  Marine  
  93  9:55  Supply Depot, SCV x3, Marine x2  
  93  9:56  Supply Depot  
  81  10:08  Siege Tank, Marine  
  81  10:09  Marine x4  
  81  10:13  Marine x2  
  81  10:14  SCV x3  
  90  10:21  Medivac  
  90  10:25  Medivac  
  90  10:26  SCV x2, Marine x2  
  90  10:27  Marine x2  
  100  10:33  Marine x3  
  92  10:40  Siege Tank  
  95  10:45  SCV  
  95  10:47  SCV, Armory  
  97  10:54  SCV  
  97  10:55  Marine  
  97  10:56  Engineering Bay  
  99  10:57  SCV  
  100  11:05  SCV  
  100  11:06  SCV  
  100  11:08  Marine x2  
  94  11:12  Siege Tank  
  97  11:20  SCV  
  97  11:21  SCV x2  
  97  11:25  Barracks  
  100  11:26  Marine x5  
  100  11:28  Medivac  
  107  11:33  SCV  
  107  11:34  SCV  
  107  11:35  Supply Depot  
  109  11:41  Medivac  
  109  11:43  SCV  
  109  11:45  Sensor Tower, SCV  
  113  11:47  Supply Depot  
  113  11:53  Marine  
  113  11:54  Marine x3  
  114  11:57  Marine x3  
  117  12:07  Medivac  
  117  12:08  Siege Tank  
  119  12:11  Marine x3  
  119  12:12  Marine x2  
  119  12:13  Marine  
  122  12:21  Marine  
  122  12:22  SCV  
  110  12:24  Marine  
  110  12:29  Marine x3  
  83  12:39  Marine  
  83  12:40  Siege Tank  
  83  12:42  Marine  
  83  12:43  Liberator  
  84  12:45  Liberator  
  84  12:46  Barracks  
  84  12:47  Marine x2  
  84  12:50  Barracks  
  81  12:56  Marine  
  81  12:57  Marine  
  79  13:03  Marine  
  79  13:05  Marine  
  87  13:10  Engineering Bay  
  87  13:11  Engineering Bay, Marine  
  87  13:12  Armory  
  91  13:14  Marine  
  91  13:18  Marine  
  86  13:20  SCV x2  
  86  13:21  Marine  
  86  13:22  Marine  
  89  13:28  Barracks x2  
  89  13:29  Factory Tech Lab  
  89  13:31  Marine  
  89  13:32  Marine  
  91  13:34  Marine  
  91  13:36  Marine  
  91  13:37  Marine  
  91  13:38  Marine  
  91  13:40  Marine  
  96  13:48  Orbital Command  
  96  13:49  Marine x2  
  96  13:57  Marine  
  96  13:58  Siege Tank  
  96  13:59  SCV  
  97  14:11  SCV  
  76  14:19  Marine x5  
  77  14:24  Marine x2  
  77  14:28  SCV  
  77  14:30  Siege Tank, Orbital Command  
  83  14:36  Marine  
  83  14:37  Marine  
  80  14:40  Marine  
  73  14:51  Marine x3  
  71  14:56  Marine x2  
  71  14:57  Marine  
  72  15:04  Marine  
  72  15:10  Marine  
  62  15:25  Starport  
  62  15:26  Marine  
  63  15:34  Marine  
Show
View Real Time Build Order
Export as new Build Order

Dayshi Terran - Winner!

Build Orders: 1/1/1, Cyclone Opening, Bio Tank 

Get SALT Encoding   

  12  0:00  SCV  
  13  0:12  SCV  
  14  0:16  Supply Depot  
  14  0:24  SCV  
  14  0:27  Refinery  
  15  0:38  SCV  
  16  0:43  Barracks  
  16  0:50  SCV  
  16  0:53  Refinery  
  17  1:02  SCV  
  18  1:14  SCV  
  19  1:31  Orbital Command, Factory  
  19  1:34  Reaper  
  20  1:43  Supply Depot  
  20  1:57  SCV  
  21  2:06  Reaper  
  22  2:09  SCV  
  23  2:15  Starport  
  23  2:20  Cyclone  
  23  2:21  SCV  
  27  2:27  Supply Depot  
  27  2:33  SCV  
  28  2:41  Barracks Tech Lab  
  28  2:45  SCV  
  29  3:03  SCV  
  29  3:04  Cloaking Field  
  29  3:05  Banshee  
  32  3:10  Hellion  
  33  3:15  Supply Depot  
  33  3:21  SCV  
  34  3:33  SCV  
  35  3:48  SCV, Raven  
  37  3:52  Command Center  
  37  3:53  Barracks Reactor  
  37  3:55  Widow Mine  
  39  4:03  SCV  
  39  4:07  Supply Depot  
  40  4:15  SCV  
  40  4:16  Cyclone  
  44  4:28  SCV  
  44  4:31  Banshee  
  48  4:40  SCV  
  48  4:52  SCV  
  47  4:58  Marine x2, Factory Tech Lab  
  49  5:04  SCV  
  50  5:13  Command Center  
  50  5:16  SCV  
  50  5:18  Siege Tank, Barracks  
  50  5:19  Barracks  
  54  5:24  Orbital Command  
  51  5:32  Marine  
  51  5:33  Stimpack  
  46  5:44  SCV  
  44  5:50  Siege Tank, Marine  
  44  5:56  SCV  
  47  6:00  SCV  
  46  6:07  Barracks Reactor  
  46  6:08  Starport Reactor, SCV  
  47  6:12  SCV  
  47  6:13  Marine  
  47  6:15  Marine x2  
  51  6:20  SCV  
  51  6:22  Engineering Bay  
  52  6:26  Orbital Command  
  52  6:28  SCV  
  52  6:32  SCV  
  54  6:38  Siege Tank  
  57  6:40  Marine x3  
  57  6:41  SCV  
  57  6:44  SCV, Marine  
  57  6:46  Marine  
  64  6:50  Medivac  
  64  6:53  SCV  
  64  6:54  SCV  
  68  7:00  Medivac  
  70  7:01  Marine x3  
  70  7:02  Marine  
  74  7:08  Supply Depot  
  74  7:12  Marine  
  74  7:14  SCV  
  74  7:15  SCV  
  77  7:17  Supply Depot, Refinery x2  
  77  7:19  Terran Infantry Weapons Level 1  
  77  7:23  Marine x3  
  77  7:26  Orbital Command  
  77  7:27  SCV  
  81  7:30  Marauder  
  84  7:37  SCV  
  84  7:38  Marine  
  84  7:39  SCV  
  84  7:40  Combat Shields  
  84  7:41  Marine  
  87  7:45  Supply Depot  
  87  7:46  Marine x2  
  89  7:55  SCV x2  
  91  8:05  SCV  
  92  8:07  SCV x2  
  92  8:08  Siege Tank  
  92  8:09  Marine x5  
  102  8:17  SCV  
  102  8:19  SCV x2  
  97  8:26  Marine  
  89  8:27  Marine x2  
  89  8:28  Medivac x2  
  89  8:29  SCV  
  89  8:30  Barracks x2  
  89  8:31  SCV x2  
  94  8:40  Marine  
  91  8:41  SCV  
  91  8:42  Siege Tank  
  91  8:43  SCV  
  91  8:44  SCV  
  91  8:49  Refinery  
  91  8:50  Refinery  
  91  8:53  Factory  
  91  8:56  Marine  
  91  8:57  Marine x2  
  91  8:58  Marine, Medivac x2  
  99  9:05  Marine  
  100  9:14  Siege Tank, Marine x2  
  100  9:15  Marine  
  100  9:16  Marine  
  96  9:25  Marine  
  96  9:26  Marine x2  
  99  9:32  Marine x2  
  99  9:33  Marine x2  
  99  9:35  Medivac  
  99  9:36  Medivac  
  107  9:43  Barracks Reactor, Marine  
  107  9:44  SCV  
  109  9:45  Barracks Reactor  
  109  9:48  SCV  
  109  9:51  Terran Infantry Armor Level 1  
  109  9:53  Marine x4  
  109  9:54  Supply Depot x2, SCV, Siege Tank  
  109  9:59  SCV  
  117  10:00  SCV  
  117  10:01  Marine  
  96  10:11  Marine x4  
  96  10:13  Medivac x2  
  104  10:15  Supply Depot  
  104  10:16  Factory Tech Lab  
  104  10:17  Supply Depot  
  104  10:19  Marine  
  105  10:23  Missile Turret  
  93  10:29  Marine x5  
  93  10:30  Marine  
  93  10:35  Marine  
  95  10:36  Marine  
  95  10:37  Marine  
  95  10:39  Siege Tank x2  
  104  10:47  Marine x6  
  110  10:53  Missile Turret, Marine  
  110  10:54  Marine  
  110  10:55  Marine  
  110  10:56  SCV x3  
  116  10:59  Armory  
  116  11:01  Engineering Bay  
  113  11:05  Marine x2  
  113  11:11  Siege Tank  
  118  11:13  SCV  
  118  11:14  SCV x2  
  118  11:15  Marine  
  122  11:19  Siege Tank  
  122  11:25  SCV  
  123  11:26  SCV x2  
  125  11:32  Marine  
  125  11:33  Marine  
  125  11:37  SCV, Marine x4  
  125  11:38  Marine x3  
  135  11:43  Siege Tank  
  135  11:45  Terran Infantry Weapons Level 2  
  138  11:47  Terran Infantry Armor Level 2  
  138  11:53  Marine  
  138  11:54  Marine  
  138  11:55  Marine x3  
  138  12:00  Marine  
  120  12:09  Siege Tank, Marine  
  120  12:10  Marine x2  
  120  12:15  Siege Tank  
  118  12:26  Marine  
  113  12:30  Marine x2  
  113  12:34  Marine  
  113  12:35  Marine x4  
  119  12:37  Medivac  
  119  12:39  Medivac  
  119  12:41  Siege Tank  
  121  12:54  Marine  
  121  12:57  Marine x5  
  126  13:05  Marine x3  
  127  13:07  Medivac  
  127  13:09  Medivac  
  132  13:26  Siege Tank  
  135  13:29  Supply Depot  
  135  13:37  Command Center  
  127  13:57  Siege Tank, Medivac x2  
  134  14:03  Marine  
  134  14:04  Marine x8  
  139  14:19  Siege Tank  
  139  14:21  Marine  
  139  14:22  Marine x7  
  150  14:32  Marine  
  146  14:39  Marine  
  146  14:45  Marine x2  
  143  14:46  Siege Tank, Marine x5  
  143  14:50  Marine  
  151  14:57  Marine  
  151  14:59  SCV x2  
  154  15:01  Siege Tank, Medivac  
  154  15:03  Medivac  
  161  15:11  SCV x2  
  161  15:18  Siege Tank  
  162  15:23  Marine  
  163  15:32  Marine, Refinery  
  163  15:33  Marine x6  
  173  15:38  Supply Depot  

Tags
 
Add a new tag
Caveats
  • Supply blocks, unpowered buildings, or Contaminate may cause inaccurate times.
  • Supply counts are checked every 10 seconds.